 Dungeon Crawl Stone Soup version 0.27.1-37-g7b29ead8ac (webtiles) character file.

Game seed: 7281480975843332337

219 tkbsonic5 the Vandal (level 6, -1/47 HPs)
             Began as a Formicid Hunter on Oct 22, 2023.
             Was a Believer of Wu Jian.
             Succumbed to a water moccasin's poison
             ... on level 3 of the Dungeon.
             The game lasted 00:08:16 (2863 turns).

tkbsonic5 the Vandal (Formicid Hunter)              Turns: 2863, Time: 00:08:16

Health: -1/47      AC:  6    Str: 16    XL:     6   Next: 17%
Magic:  6/6        EV: 11    Int: 11    God:    Wu Jian [**....]
Gold:   112        SH:  0    Dex: 13    Spells: 5/5 levels left

rFire    . . .     SeeInvis +   o - +4 dagger (venom)
rCold    . . .     Faith    .   (no shield)
rNeg     . . .     Spirit   .   s - +1 ring mail {rising tide style}
rPois    .         Reflect  .   (helmet unavailable)
rElec    .         Harm     .   (no cloak)
rCorr    .         Rampage  .   (no gloves)
Will     .....                  (no boots)
Stlth    ++........             (no amulet)
HPRegen  0.15/turn              (no ring)
MPRegen  0.10/turn              (no ring)

@: brilliant, lethally poisoned (-1 -> -14)
A: permanent stasis, dig shafts and tunnels, antennae 3, four strong arms,
hooves 1, sense surroundings 1
a: Dig, Shaft Self, Renounce Religion, Wall Jump


You were on level 3 of the Dungeon.
You worshipped Wu Jian.
Wu Jian was pleased with you.
You visited 1 branch of the dungeon, and saw 4 of its levels.

You collected 112 gold pieces.

Inventory:

Hand Weapons
 a - a +1 hunting sling
 b - a +0 short sword
 e - a +0 dagger of electrocution
 f - a +0 flail
 j - a +0 dagger
 n - a +0 trident
 o - a +4 dagger of venom (weapon)
Missiles
 d - 15 stones (quivered)
 p - 7 sling bullets
Armour
 c - a +0 leather armour
 s - a +1 ring mail (worn) {rising tide style}
Jewellery
 q - a +4 ring of protection
Scrolls
 m - a scroll of holy word
 t - a scroll of torment


   Skills:
 * Level 3.5 Fighting
 + Level 0.7 Short Blades
 * Level 1.6 Polearms
 + Level 5.4 Slings
 * Level 1.6 Armour
 * Level 2.3 Dodging
 + Level 3.0 Stealth


You had 5 spell levels left.
You didn't know any spells.
Your spell library contained the following spells:

 Spells                   Type           Power      Damage    Failure   Level
 Borgnjor's Revivificati  Necr           0%         N/A       100%        8
 Necromutation            Tmut/Necr      0%         N/A       100%        8
 Death's Door             Necr           0%         N/A       100%        9


Dungeon Overview and Level Annotations

Branches:
Dungeon (4/15)
 Temple: D:4-7

Altars:
Hepliaklqana
Wu Jian


Innate Abilities, Weirdness & Mutations

You cannot be hasted, slowed, berserked, paralysed or teleported.
You can dig through walls and to a lower floor.
You have a pair of large antennae on your head. (SInv)
Your four strong arms can wield two-handed weapons with a shield.
You have large cloven feet.
You passively map a small area around you.


Message History

You hit the water moccasin.
The water moccasin is lightly wounded.
The water moccasin bites you but does no damage.
The orc hits you but does no damage. The water moccasin bites you.
You hit the orc but do no damage.
The orc is poisoned.
The water moccasin bites you!
* * * LOW HITPOINT WARNING * * *
You puncture the orc!
You kill the orc!
The Council accepts your kill. The water moccasin bites you.
* * * LOW HITPOINT WARNING * * *
You hit the water moccasin. Your kick misses the water moccasin.
The water moccasin is lightly wounded.
The water moccasin closely misses you. The water moccasin barely misses you.
It was a potion of brilliance.
You feel clever all of a sudden. The water moccasin barely misses you.
You miss the water moccasin.
You kick the water moccasin, but do no damage.
The water moccasin is lightly wounded.
The water moccasin bites you but does no damage.
The orc wizard casts a spell.
The orc wizard flickers and vanishes for a moment.
The water moccasin barely misses you.
Things that are here:
a +0 whip; a throwing net A gnoll comes into view.
It is wielding a +0 club.
You spin and attack the water moccasin.
You miss the water moccasin.
The gnoll shouts!
You kick the water moccasin.
The water moccasin is moderately wounded.
The water moccasin bites you!
* * * LOW HITPOINT WARNING * * *
You are lethally poisoned!
The water moccasin poisons you!
The water moccasin completely misses you.
* * * LOW HITPOINT WARNING * * *
You feel very sick.
You die...

#.#.# #.# #.# * .##
#.#.# #.# #)###...##
#.#.# #.# #.........
#.#.# #.# #..##...##
####.#.#####.###..# ,##
#.....#.......##).#
#.####.#####......###.
#.##########..........#
#......<.@.oo)###.#####
##########.S).# #..# *
* * ######.#.)####.# ,
................. ,
≈≈≈≈≈≈....≈≈≈≈≈≈≈≈ ≈
≈≈≈≈≈≈g...≈≈≈≈≈≈≈≈≈ ≈≈
≈ ≈≈≈≈≈≈....≈≈≈≈≈≈≈ ≈
................. , ,
######''''#############


You could see a water moccasin, an orc wizard (invisible) and an orc.

Vanquished Creatures
  An orc wizard (D:3)
  9 gnolls (D:3)
  3 adders
  A worm (D:3)
  6 orcs
  6 bats
  5 endoplasms
  3 giant cockroaches (D:2)
  7 goblins
  5 hobgoblins
  6 jackals
  3 kobolds
  4 quokkas
  5 ball pythons
  A frilled lizard (D:3)
  6 rats
71 creatures vanquished.

Vanquished Creatures (others)
  3 plants (D:1)
3 creatures vanquished.

Grand Total: 74 creatures vanquished

Notes
Turn   | Place    | Note
-------+----------+-------------------------------------------
     0 | D:1      | tkbsonic5 the Formicid Hunter began the quest for the Orb.
     0 | D:1      | Reached XP level 1. HP: 16/16 MP: 1/1
    71 | D:1      | Reached XP level 2. HP: 23/23 MP: 2/2
   325 | D:1      | You fall into a shaft and drop 1 floor!
   327 | D:2      | Reached XP level 3. HP: 28/28 MP: 3/3
   397 | D:2      | Reached skill level 5 in Slings
   806 | D:2      | Reached XP level 4. HP: 14/34 MP: 4/4
  1373 | D:3      | Found a faded altar of an unknown god.
  1976 | D:3      | Became a worshipper of the Wu Jian Council
  1976 | D:3      | Reached * piety under Wu Jian
  2122 | D:3      | Reached skill level 1 in Polearms
  2122 | D:3      | Reached XP level 5. HP: 41/41 MP: 5/5
  2139 | D:3      | Reached skill level 1 in Armour
  2208 | D:3      | Noticed a kobold brigand
  2235 | D:3      | Noticed a water moccasin
  2236 | D:3      | Gained mutation: You passively map a small area around you.
                  | [potion of mutation]
  2236 | D:3      | Gained mutation: You have large cloven feet. [potion of
                  | mutation]
  2245 | D:3      | You fall into a shaft and drop 1 floor!
  2633 | D:3      | Found a hazy altar of Hepliaklqana.
  2644 | D:3      | Reached ** piety under Wu Jian
  2835 | D:3      | Reached XP level 6. HP: 30/47 MP: 6/6
  2862 | D:3      | HP: 2/47 [poisoned by a water moccasin]
  2863 | D:3      | Succumbed to a water moccasin's poison

Illustrated notes

Levels and vault maps discovered:
D:1:      wander_arrival_fairy_ring, layout_basic, serial_forest,
          infiniplex_forest_lined_corner, infiniplex_forest_corner_1,
          infiniplex_forest_clump_cross, infiniplex_forest_lined_2,
          infiniplex_forest_end_3, infiniplex_forest_pool,
          infiniplex_forest_lined_2
D:2:      layout_loops_ring, minmay_ruptured
D:3:      lemuel_castle_with_subvaults [lemuel_castle_interior_original],
          layout_loops_ring, mainiacjoe_overflow_brackets,
          hellmonk_ecumenical_altar_lost_god
D:4:      layout_loops_corners, minmay_temple_entry_butterflies,
          lemuel_old_faithful, uniq_edmund

Skill      XL: |  1  2  3  4  5  6 |
---------------+-------------------+-----
Stealth        | 2 3 |  3.0
Slings         | 5 |  5.4
Fighting       | 3 |  3.5
Polearms       | 1 |  1.6
Dodging        | 2 |  2.3
Armour         | 1 |  1.6
Short Blades   | |  0.7

Action                   |  1- 3 |  4- 6 || total
-------------------------+-------+-------++-------
Melee: Short sword       |     1 |    11 ||    12
       Trident           |       |    10 ||    10
       Dagger            |       |    72 ||    72
       Kick              |       |     9 ||     9
 Fire: Hunting sling     |    79 |     8 ||    87
Invok: Lunge             |       |     8 ||     8
       Whirlwind         |       |     2 ||     2
 Abil: Shaft Self        |       |     1 ||     1
  Use: Potion            |       |     6 ||     6
       Scroll            |       |     6 ||     6
 Stab: Sleeping          |       |     3 ||     3
Armor: Leather armour    |     6 |     1 ||     7
       Ring mail         |       |    21 ||    21
Dodge: Dodged            |    26 |    65 ||    91
